AoeStats
← [PYSA] - ༺Mojo Jijo༻

MegaRandom

510243985Analyzed
3v3 RM · 2d ago on Sep 30, 2026· 50m 23s· 6 players
Game mode
Random Map
Map size
Normal (6 player)
Population
200
Speed
Normal
Resources
Standard
Victory
Conquest
Starting age
Dark Age
Ending age
Imperial Age
RankedLock teamsTeams togetherTeam positionsShared explorationLock speedFull tech treeHidden civsTurbo modeCheats
Victory
Defeat
🇦🇷 Byzantines · Argentina
1172
+11
🇦🇷 Muisca · Argentina
1162
+11
🇦🇷 Cumans · Argentina
1057
+16
🇨🇭 Maya · Switzerland
1059
-13
🇭🇷 Britons · Croatia
1055
-13
🇦🇷 Persians · Argentina
1029
-12
datomasra
12:00 Feudal Age
17:21 Loom
22:34 Castle Age
22:09 Double-Bit Axe
26:16 Bow Saw
26:45 Horse Collar
29:23 Heavy Plow
33:28 Wheelbarrow
34:07 Padded Archer Armor
36:20 Elite Skirmisher
40:33 Hand Cart
50:13 Fletching
50:41 Leather Archer Armor
Filip_jede_Meso
4:01 Loom
15:19 Feudal Age
18:58 Castle Age
20:50 Double-Bit Axe
20:49 Horse Collar
20:43 Man-at-Arms
21:08 Gambesons
21:31 Squires
22:09 Wheelbarrow
21:19 Town Watch
27:24 Padded Archer Armor
27:20 Fletching
28:56 Hand Cart
29:37 Ballistics
31:41 Bodkin Arrow
34:07 Leather Archer Armor
39:05 Imperial Age
39:58 Yeomen
40:51 Bracer
41:59 Ring Archer Armor
42:12 Elite Longbowman
47:24 Warwolf
GUASON_
6:15 Loom
15:00 Feudal Age
19:22 Castle Age
18:22 Double-Bit Axe
18:51 Bloodlines
18:54 Horse Collar
19:19 Stone Mining
22:39 Scale Barding Armor
26:08 Town Watch
26:21 Fletching
28:30 Bodkin Arrow
[PYSA] - Manu Jijobili
5:19 Loom
14:21 Feudal Age
15:45 Double-Bit Axe
19:44 Horse Collar
22:42 Wheelbarrow
26:00 Castle Age
25:03 Bloodlines
28:07 Hand Cart
29:06 Scale Barding Armor
31:20 Chain Barding Armor
31:12 Forging
38:11 Bow Saw
38:58 Iron Casting
39:35 Light Cavalry
40:47 Gold Mining
40:48 Stone Mining
45:21 Town Watch
47:12 Steppe Husbandry
50:26 Imperial Age
[PYSA] - Gustav07
8:38 Loom
13:39 Feudal Age
14:00 Horse Collar
14:30 Double-Bit Axe
19:12 Arson
23:28 Scale Mail Armor
29:53 Castle Age
29:54 Wheelbarrow
30:41 Padded Archer Armor
32:00 Fletching
36:09 Thumb Ring
36:15 Thumb Ring
38:48 Hand Cart
41:13 Caravan
47:49 Imperial Age
45:26 Elite Skirmisher
[PYSA] - ༺Mojo Jijo༻
4:25 Loom
8:58 Loom
10:01 Loom
13:01 Feudal Age
13:49 Double-Bit Axe
15:21 Champi Runner
15:50 Horse Collar
17:42 Scale Mail Armor
23:33 Castle Age
23:35 Pikeman
29:52 Fletching
32:33 Wheelbarrow
31:58 Bodkin Arrow
34:09 Ballistics
35:07 Padded Archer Armor
37:03 Gold Mining
46:48 Imperial Age
45:37 Wheelbarrow
46:04 Bow Saw
48:26 Bracer
48:41 Leather Archer Armor
50:25 Chemistry
49:41 Leather Archer Armor
50:26 Conscription
50:22 Forging
Connection lost

Rejoining the realm…

Still unreachable

The connection could not be restored.

Session expired

The server has moved on; the page needs a fresh start.